 Dungeon Crawl Stone Soup version 0.30-a0-618-gd6c86c23d0 (webtiles) character file.

Game seed: 17038834436645261539

414470 arthad the Acrobat (level 22, -5/109 HPs)
             Began as a Felid Summoner on Jan 7, 2023.
             Was an Initiate of Gozag.
             Slain by a reaper
             ... wielding a +2 heavy scythe
             ... called by a doom hound
              (15 damage)
             ... on level 1 of the Crypt on Jan 9, 2023.
             The game lasted 06:42:07 (64144 turns).

arthad the Acrobat (Felid Summoner)                Turns: 64144, Time: 06:42:08

Health: -5/109     AC: 21    Str:  4    XL:     22   Next: 21%
Magic:  42/43      EV: 45    Int: 32    God:    Gozag
Gold:   8321       SH:  0    Dex: 18    Spells: 6/53 levels left
                                        Lives:  0   Deaths: 7

rFire   + . .      SeeInvis +      - Unarmed
rCold   . . .      Faith    .    (shield unavailable)
rNeg    + . .      Spirit   .    (body armour unavailable)
rPois   ∞          Reflect  .    (helmet unavailable)
rElec   +          Harm     .    (cloak unavailable)
rCorr   .          Rampage  .    (gloves unavailable)
Will    +++..      Archmagi +    (boots unavailable)
Stlth   ++                       M - amulet of magic regeneration
HPRegen 0.38/turn                X - ring "Tukhlumm" {rElec rF+ rN+ Int+6 Slay+5}
MPRegen 0.68/turn                Y - ring of the Mage {Wiz Archmagi}

@: storm-form, wereblooded, doom-hounded, flying, slowed, very slow
A: cleaving, insubstantial, flying, very small, (claws 1), (fangs 3), see
invisible, (speed 1), (shaggy fur 3), (stealthy paws), no weapons or thrown
items, no armour, multi-lived
}: 3/15 runes: barnacled, silver, gossamer
a: Blinkbolt, End Transformation, Renounce Religion, Potion Petition, Call
Merchant, Bribe Branch


You were on level 1 of the Crypt.
You worshipped Gozag.
Gozag was greatly pleased with you.
You were a lightning-filled tempest!
You visited 10 branches of the dungeon, and saw 44 of its levels.
You also visited: Trove.

You collected 24244 gold pieces.
You spent 6347 gold pieces at shops.
You paid 9576 gold pieces to Gozag.

Inventory:

Hand Weapons
 b - the +9 sword of Power
   (You found it on level 5 of the Vaults)

   It occasionally discharges a powerful but inaccurate bolt of energy upon
   striking a foe, with increased chance the greater the wielder's current
   health.
Jewellery
 i - the ring "Caofeunn" {rF+ Will+++ Str+4 Dex-5 Slay-3}
   (You found it in a treasure trove)

   [ring of protection from fire]

   Str:       It affects your strength (+4).
   Dex:       It affects your dexterity (-5).
   Slay:      It affects your accuracy & damage with ranged weapons and melee
   (-3).
   rF:        It protects you from fire.
   Will:      It greatly increases your willpower.
 j - a ring of magical power
 l - the amulet of the Tempest {Fragile rN++ Regen+ Str+2 Dex+2}
   (You found it on level 5 of the Lair of Beasts)

   [amulet of regeneration]

   Str:       It affects your strength (+2).
   Dex:       It affects your dexterity (+2).
   rN:        It greatly protects you from negative energy.
   Regen:     It increases your rate of health regeneration.
   Fragile:   It will be destroyed if unequipped.
 G - a ring of protection from fire
 I - the ring of Ascent {Fire rN++ Will- Int+4}
   (You took it off a deep elf demonologist on level 3 of the Elven Halls)

   [ring of fire]

   It enhances your fire magic.
   Int:       It affects your intelligence (+4).
   rF:        It protects you from fire.
   rC:        It makes you vulnerable to cold.
   rN:        It greatly protects you from negative energy.
   Will:      It decreases your willpower.
 J - the ring "Sibal" {Ice Fly rElec Str-3 Int+6}
   (You took it off a merfolk on level 4 of the Shoals)

   [ring of ice]

   It enhances your ice magic.
   Str:       It affects your strength (-3).
   Int:       It affects your intelligence (+6).
   rF:        It makes you vulnerable to fire.
   rC:        It protects you from cold.
   rElec:     It insulates you from electricity.
   Fly:       It grants you flight.
 M - an amulet of magic regeneration (around neck)
 P - a ring of protection from cold
 R - a +6 ring of intelligence
 W - a ring of poison resistance
 X - the ring "Tukhlumm" (left paw) {rElec rF+ rN+ Int+6 Slay+5}
   (You bought it in a shop on level 2 of the Lair of Beasts)

   [ring of intelligence]

   Int:       It affects your intelligence (+6).
   Slay:      It affects your accuracy & damage with ranged weapons and melee
   (+5).
   rF:        It protects you from fire.
   rElec:     It insulates you from electricity.
   rN:        It protects you from negative energy.
 Y - the ring of the Mage (right paw) {Wiz Archmagi}
   (You bought it in a shop on level 2 of the Lair of Beasts)

   [ring of wizardry]

   It improves your spell success rate.
   Archmagi:  It increases the power of your magical spells.
Wands
 h - a wand of digging (8)
 u - a wand of mindburst (28)
 v - a wand of roots (26)
 x - a wand of flame (49)
 E - a wand of charming (26)
 K - a wand of acid (22)
 O - a wand of polymorph (28)
Scrolls
 a - 7 scrolls of vulnerability
 e - 22 scrolls of teleportation
 f - 4 scrolls of blinking
 o - 5 scrolls of butterflies
 q - 8 scrolls of fog
 r - 6 scrolls of magic mapping
 s - 10 scrolls of silence
 t - 9 scrolls of fear
 w - 9 scrolls of amnesia
 C - 10 scrolls of poison
 N - 6 scrolls of immolation
 S - 4 scrolls of torment
 T - 40 scrolls of identify
Potions
 c - 26 potions of curing
 d - 7 potions of mutation
 g - 6 potions of brilliance
 k - 4 potions of resistance
 n - 8 potions of haste
 p - 6 potions of might
 A - 7 potions of ambrosia
 B - 2 potions of cancellation
 D - 5 potions of berserk rage
 H - 8 potions of lignification
 U - 2 potions of invisibility
 V - 4 potions of magic
 Z - 6 potions of flight
Miscellaneous
 m - a phantom mirror
 y - a condenser vane
 z - a tin of tremorstones (2/2)
 F - a box of beasts
 L - a lightning rod (4/4)
 Q - a phial of floods


   Skills:
 * Level 17.4 Fighting
 - Level 21.0 Dodging
 - Level 2.8 Stealth
 * Level 15.4 Unarmed Combat
 + Level 16.3 Spellcasting
 - Level 5.0 Hexes
 * Level 17.9 Summonings
 - Level 17.2 Translocations
 - Level 16.0 Transmutations
 - Level 5.0 Ice Magic
 - Level 16.0 Air Magic
 - Level 8.0 Evocations


You had 6 spell levels left.
You knew the following spells:

 Your Spells              Type           Power      Damage    Failure   Level
a - Summon Cactus Giant   Summ           59%        N/A       1%          6
b - Storm Form            Tmut/Air       56%        N/A       1%          7
c - Blink                 Tloc           100%       N/A       0%          2
d - Call Canine Familiar  Summ           100%       N/A       0%          3
e - Summon Guardian Gole  Hex/Summ       99%        N/A       1%          3
f - Summon Lightning Spi  Summ/Air       100%       N/A       0%          4
g - Manifold Assault      Tloc           100%       N/A       0%          4
h - Anguish               Hex/Necr       29%        N/A       2%          4
i - Summon Forest         Summ/Tloc      59%        N/A       1%          5
j - Monstrous Menagerie   Summ           59%        N/A       1%          7
k - Wereblood             Tmut           100%       N/A       0%          2

Your spell library contained the following spells:

 Spells                   Type           Power      Damage    Failure   Level
 Apportation              Tloc           100%       N/A       0%          1
 Beastly Appendage        Tmut           100%       N/A       0%          1
 Summon Small Mammal      Summ           100%       N/A       0%          1
 Call Imp                 Summ           100%       N/A       0%          2
 Gell's Gravitas          Tloc           100%       N/A       0%          3
 Lesser Beckoning         Tloc           100%       N/A       0%          3
 Teleport Other           Tloc           100%       N/A       0%          3
 Airstrike                Air            56%        2d(9-25)  0%          4
 Freeze                   Ice            100%       1d10      1%          1
 Kiss of Death            Conj/Necr      100%       2d13      1%          1
 Magic Dart               Conj           100%       1d8       1%          1
 Necrotise                Necr           100%       1d9       1%          1
 Sandblast                Erth           78%        2d17      1%          1
 Shock                    Conj/Air       100%       1d9       1%          1
 Slow                     Hex            100%       N/A       1%          1
 Cigotuvi's Dreadful Rot  Necr/Pois/Air  100%       N/A       1%          2
 Momentum Strike          Conj/Tloc      100%       3d10      1%          2
 Passwall                 Tmut/Erth      71%        N/A       1%          2
 Scorch                   Fire           78%        2d8       1%          2
 Confusing Touch          Hex            72%        N/A       1%          3
 Dazzling Flash           Conj/Hex       100%       N/A       1%          3
 Frozen Ramparts          Ice            100%       1d16      1%          3
 Hailstorm                Conj/Ice       58%        3d13      1%          3
 Inner Flame              Hex/Fire       58%        N/A       1%          3
 Kindle Blastsparks       Fire/Tloc/Air  100%       2d18      1%          3
 Mephitic Cloud           Conj/Pois/Air  74%        N/A       1%          3
 Ozocubu's Armour         Ice            72%        N/A       1%          3
 Spider Form              Tmut/Pois      86%        N/A       1%          3
 Stone Arrow              Conj/Erth      78%        3d11      1%          3
 Vampiric Draining        Necr           39%        2d8       1%          3
 Ice Form                 Ice/Tmut       96%        N/A       1%          4
 Iskenderun's Mystic Bla  Conj/Tloc      89%        2d17      1%          4
 Petrify                  Tmut/Erth      86%        N/A       1%          4
 Summon Ice Beast         Ice/Summ       99%        N/A       1%          4
 Alistair's Intoxication  Tmut/Pois      57%        N/A       1%          5
 Arcjolt                  Conj/Air       43%        1d53      1%          5
 Blade Hands              Tmut           56%        N/A       1%          5
 Irradiate                Conj/Tmut      43%        3d26      1%          5
 Lightning Bolt           Conj/Air       43%        1d62      1%          5
 Summon Mana Viper        Hex/Summ       99%        N/A       1%          5
 Metabolic Englaciation   Hex/Ice        36%        N/A       2%          5
 Conjure Ball Lightning   Conj/Air       43%        3x3d15    3%          6
 Eringya's Noxious Bog    Tmut/Pois      43%        N/A       3%          6
 Statue Form              Tmut/Erth      57%        N/A       3%          6
 Dispel Undead            Necr           39%        3d16      6%          4
 Flame Wave               Conj/Fire      39%        2d11      6%          4
 Sticky Flame             Conj/Fire      39%        2d6       6%          4
 Agony                    Necr           39%        N/A       17%         5
 Borgnjor's Vile Clutch   Necr/Erth      19%        N/A       17%         5
 Fireball                 Conj/Fire      19%        3d9       17%         5
 Iskenderun's Battlesphe  Conj           39%        2d9       17%         5
 Death Channel            Necr           19%        N/A       65%         6
 Iron Shot                Conj/Erth      19%        9d4       65%         6
 Starburst                Conj/Fire      19%        6d7       65%         6
 Malign Gateway           Summ/Tloc      59%        N/A       1%          7
 Summon Horrible Things   Summ           59%        N/A       2%          8
 Disjunction              Tloc           58%        N/A       3%          8
 Haunt                    Necr/Summ      45%        N/A       14%         7
 Spellforged Servitor     Conj/Summ      45%        N/A       14%         7
 Dragon's Call            Summ           59%        N/A       38%         9
 Enfeeble                 Hex            36%        N/A       52%         7
 Necromutation            Tmut/Necr      43%        N/A       80%         8
 Orb of Destruction       Conj           19%        9d8       99%         7
 Discord                  Hex            36%        N/A       99%         8
 Chain Lightning          Conj/Air       43%        3d57      100%        9
 Death's Door             Necr           19%        N/A       100%        9
 Animate Armour           Summ/Erth      Unusable   N/A       N/A         4
 Animate Dead             Necr           Unusable   N/A       N/A         4
 Simulacrum               Ice/Necr       Unusable   N/A       N/A         6

Dungeon Overview and Level Annotations

Branches:
Dungeon (15/15)            Temple (1/1) D:6            Lair (5/5) D:9
 Shoals (4/4) Lair:2       Spider (4/4) Lair:2        Slime (0/5) Lair:5
    Orc (2/2) D:10            Elf (3/3) Orc:2        Vaults (5/5) D:14
  Crypt (1/3) Vaults:2     Depths (4/4) D:15            Zot (0/5) Depths:4

Altars:
Ashenzari
Dithmenos
Elyvilon
Fedhas
Gozag
Kikubaaqudgha
Makhleb
Nemelex Xobeh
Qazlal
Ru
Sif Muna
Trog
Uskayaw
Vehumet
Wu Jian
Xom
Yredelemnul
The Shining One

Shops:
D:1 !   D:7 (   D:8 ((   D:12 :   Orc:2 ![(*!   Elf:1 *   Elf:3 ?[:[[
Lair:2 =   Lair:5 :   Shoals:1 ?[   Spider:1 :   Spider:2 ?   Vaults:1 *(([
Vaults:2 (   Vaults:4 !![   Vaults:5 (   Depths:1 ?   Depths:2 ?   Depths:4 :

Portals:
Hell: Depths:1 Depths:3 Depths:4
Abyss: D:3 Depths:2 Depths:3
Pandemonium: Depths:2 Depths:3
Ziggurat: Depths:4

Annotations:
D:3 2 transporters, acebull12's ghost, amateur DsNe
D:12 1 runed translucent door, superbruh's ghost, journeyman GrMo


Innate Abilities, Weirdness & Mutations

You are a lightning-filled tempest!
Your electrical attacks strike out in all directions at once.
You are incredibly evasive.
Your insubstantial body is immune to petrification, constriction, and being set on fire You are flying.
You are immune to poison.
((You have sharp claws.))
((You have razor-sharp teeth.))
You have supernaturally acute eyesight. (SInv)
((You cover ground quickly. (Speed+)))
((Your thick and shaggy fur keeps you warm. (AC +3, rC+)))
((Your paws help you pounce on unaware monsters.))
You are incapable of wielding weapons or throwing items.
You cannot wear armour.
You gain extra lives every three experience levels.


Message History

Casting: Blink (safe; 0% risk of failure)
Confirm with . or Enter, or press ? or * to list all spells.
You feel a surge of power!
You blink.
The doom hound barks!
You bellow as the wereblood boils in your veins!
A Tzitzimitl comes into view.
You feel better.
You feel energetic enough to blinkbolt again.
You blast the Tzitzimitl!!!
Your punch misses the Tzitzimitl.
The Tzitzimitl is heavily wounded.
You batter the Tzitzimitl!! You punch the Tzitzimitl.
The Tzitzimitl is severely wounded.
The doom hound is no longer distracted by gold.
The Tzitzimitl gestures at you. The bolt of negative energy misses you.
A reaper comes into view. It is wielding a +2 heavy scythe.
You barely miss the Tzitzimitl.
The Tzitzimitl is severely wounded.
The doom hound is distracted by your dazzling golden aura.
The Tzitzimitl engulfs you but does no damage.
The Tzitzimitl completely misses you.
You barely miss the Tzitzimitl. Your punch misses the Tzitzimitl.
The Tzitzimitl is severely wounded.
You batter the Tzitzimitl!!
The Tzitzimitl is almost dead.
The Tzitzimitl engulfs you!
* * * LOW HITPOINT WARNING * * *
The Tzitzimitl drains your vigour!
You feel yourself slow down. The Tzitzimitl completely misses you.
The reaper completely misses you.
A putrid mouth comes into view.
Casting: Blink (safe; 0% risk of failure)
Confirm with . or Enter, or press ? or * to list all spells.
You feel a surge of power!
You blink.
The Tzitzimitl calls on the powers of darkness!
Your body is wracked with pain!
* * * LOW HITPOINT WARNING * * *
The reaper completely misses you.
The reaper hits you with a +2 heavy scythe!
You die...
Your body crumbles into a pile of gold.

#..........
###..####.. #..# ##.
#..# #. ###..#####.
###### #.......... $
+.W2.# #.#..#####'
+§12D######.#..#.....
####v..$.......'.....
#..h.$......'.....
#.######....#.....
### ######.....
##.... ##... ##.. #)
#


You could see a bone dragon, a doom hound, a Tzitzimitl, 2 reapers and a putrid
mouth.

Vanquished Creatures
  An ancient lich (Vaults:5)
  Mennas (Vaults:4)
  Saint Roka (Vaults:5)
  2 golden dragons
  A bone dragon (Depths:4)
  2 doom hounds (Crypt:1)
  Jorgrun (Orc:1)
  A lich (Depths:3)
  Zenata (Crypt:1)
  2 tentacled monstrosities
  2 quicksilver dragons (Vaults:5)
  5 titans (Vaults:5)
  Grunn (Crypt:1)
  2 deep elf blademasters (Elf:3)
  A deep elf master archer (Elf:3)
  2 ancient champions
  3 sphinxes
  2 shadow dragons
  A tengu reaver (Depths:4)
  A storm dragon (Vaults:5)
  Roxanne (Elf:3)
  11 frost giants
  9 fire giants
  2 deep elf sorcerers
  7 vault wardens
  5 ghost moths
  An orc warlord (Vaults:3)
  17 ironbound preservers
  A deep elf elementalist (Elf:3)
  A draconian shifter (Depths:4)
  2 ghouls (Crypt:1)
  8 stone giants
  13 very ugly things
  2 war gargoyles
  6 ironbound thunderhulks
  A green draconian (Depths:3)
  4 deep elf demonologists
  6 deep elf annihilators (Elf:3)
  3 vampire knights
  4 dire elephants (Vaults:2)
  6 spark wasps
  2 fire dragons
  An eidolon (Crypt:1)
  8 ettins
  10 jiangshi
  A merfolk impaler (Shoals:2)
  5 deep elf death magi
  5 yaktaur captains
  3 entropy weavers
  5 deep elf high priests
  3 great orbs of eyes
  4 ice dragons
  29 vault guards
  An ironbound frostheart (Vaults:4)
  A death knight (Crypt:1)
  A two-headed ogre (shapeshifter) (Elf:1)
  2 two-headed ogres
  2 radroaches (Spider:4)
  3 spriggan air magi
  A fenstrider witch skeleton (Crypt:1)
  A boulder beetle (Spider:4)
  7 satyrs
  4 tengu warriors
  20 dancing weapons
  5 deep troll earth magi
  6 vampire magi
  A hell hog (Depths:1)
  10 deep troll shamans
  2 spriggan berserkers
  10 deep elf knights
  5 soul eaters
  2 sun demons (Depths:1)
  19 hell knights
  7 iron trolls
  5 pharaoh ants
  2 skeletal warriors (Crypt:1)
  4 sea snakes
  3 glowing orange brains
  9 orb spiders
  7 wizards
  A flayed ghost (Crypt:1)
  2 steelbarb worms
  52 deep trolls
  13 deep elf archers
  2 phantasmal warriors
  7 wolf spiders
  8 harpies
  14 ironbound convokers
  2 necromancers
  29 deep elf zephyrmancers
  6 manticores
  A lindwurm (shapeshifter) (Depths:3)
  A wolf spider (shapeshifter) (Vaults:5)
  2 orc knights (Vaults:3)
  14 deep elf pyromancers
  17 ugly things
  13 fauns
  A cyclops (Shoals:4)
  2 elephants (Lair:5)
  3 moths of wrath
  A cyclops (shapeshifter) (Vaults:5)
  A water nymph (Shoals:2)
  2 merfolk sirens
  10 vault sentinels
  2 torpor snails (Spider:1)
  6 demonic crawlers
  2 smoke demons (Depths:1)
  An eye of devastation (shapeshifter) (Vaults:5)
  An unseen horror (D:12)
  22 yaktaurs
  A tengu conjurer (Depths:1)
  2 freezing wraiths (Crypt:1)
  An alligator snapping turtle skeleton (Crypt:1)
  4 meliai
  A wind drake (shapeshifter) (Vaults:5)
  7 merfolk
  11 tarantellas
  A raiju (shapeshifter) (Vaults:5)
  4 dream sheep (Shoals:4)
  A snapping turtle (Shoals:2)
  16 jumping spiders
  8 slime creatures
  A flying skull (Vaults:2)
  An air elemental (Elf:1)
  2 wraiths
  13 culicivoras
  A yak (Lair:5)
  3 water elementals
  A fire bat (Depths:1)
  9 fire elementals
  A hog (D:15)
  27 redbacks
  A warg (Vaults:5)
  A floating eye (shapeshifter) (Vaults:5)
  9 orc warriors
  A boggart (D:14)
  A boggart (shapeshifter) (Vaults:5)
  A swamp dragon skeleton (Crypt:1)
  A centaur (shapeshifter) (Vaults:5)
  3 earth elementals
  A draconian skeleton (Crypt:1)
  An elf skeleton (Crypt:1)
  A spriggan skeleton (Crypt:1)
  6 electric eels
  A bullfrog zombie (Crypt:1)
  9 orc priests
  An orc wizard (Vaults:5)
  A boggart skeleton (Crypt:1)
  A nameless horror (Depths:2)
  4 orcs
  An endoplasm (D:1)
  A kobold (D:7)
  A quokka (D:1)
760 creatures vanquished.

Vanquished Creatures (collateral kills)
  A golden dragon (Vaults:5)
  Nikola (Vaults:1)
  Arachne (Spider:3)
  The ghost of Xutext the Spry, an adept DsAK of Lugonu (Depths:1)
  A lich (Depths:4)
  Asterion (Elf:1)
  A deep elf blademaster (Elf:3)
  4 sphinxes
  Kirke (D:15)
  A tengu reaver (Vaults:2)
  A storm dragon (Vaults:5)
  A fire giant (Vaults:2)
  2 frost giants
  A deep elf sorcerer (Elf:3)
  Louise (Spider:1)
  6 vault wardens
  Aizul (Elf:3)
  2 emperor scorpions
  10 very ugly things
  3 ironbound preservers
  A war gargoyle (Vaults:3)
  7 ironbound thunderhulks
  A draconian annihilator (Depths:3)
  5 stone giants
  5 dire elephants
  A minotaur (Shoals:4)
  3 deep elf annihilators (Elf:3)
  A red draconian (Depths:3)
  2 deep elf demonologists (Elf:3)
  A yellow draconian (Depths:4)
  A deep elf death mage (Elf:3)
  Josephine (D:11)
  4 ettins
  A jiangshi (Depths:1)
  3 merfolk impalers
  3 fire dragons (Depths:4)
  A crystal guardian (Vaults:1)
  11 yaktaur captains
  2 deep elf high priests
  3 entropy weavers
  An ice dragon (Depths:4)
  2 hydras
  10 vault guards
  A rakshasa (Depths:3)
  2 great orbs of eyes
  3 ogre magi
  A peacekeeper (Vaults:1)
  8 ironbound frosthearts
  A radroach (Spider:3)
  4 merfolk avatars
  6 centaur warriors
  A jorogumo (Spider:4)
  A merfolk aquamancer (Shoals:2)
  Erica (Orc:1)
  2 catoblepae
  2 boulder beetles
  7 satyrs
  12 two-headed ogres
  3 death yaks
  A tengu warrior (D:14)
  A hell hog (Depths:1)
  4 deep troll earth magi
  2 vampire magi (Depths:1)
  Urug (Orc:2)
  An orc high priest (Vaults:3)
  5 deep troll shamans
  5 dancing weapons (Elf:2)
  6 deep elf knights
  7 hell knights
  6 iron trolls
  9 sea snakes
  A spectral death yak (Lair:5)
  2 pharaoh ants
  2 orb spiders
  An obsidian statue (Lair:5)
  24 deep trolls
  10 lindwurms
  9 deep elf pyromancers
  7 deep elf archers
  3 steelbarb worms
  2 wizards
  A harpy (shapeshifter) (Elf:1)
  13 harpies
  19 manticores
  An oklob plant (Shoals:2)
  10 deep elf zephyrmancers
  8 ironbound convokers
  6 orc knights
  2 orc sorcerers (Orc:1)
  5 necromancers
  A salamander (Depths:1)
  19 ugly things
  9 wolf spiders
  4 cyclopes
  13 fauns
  2 moths of wrath
  A manticore (shapeshifter) (Depths:2)
  15 elephants
  Maurice (D:13)
  A dire elephant zombie (Lair:5)
  3 water nymphs
  9 vault sentinels
  6 black mambas
  9 merfolk sirens
  A torpor snail (Spider:3)
  A demonic crawler (Spider:4)
  13 cane toads
  2 smoke demons (Depths:1)
  2 unseen horrors (D:10)
  2 rime drakes
  A freezing wraith (D:14)
  5 komodo dragons
  24 yaktaurs
  A tengu conjurer (D:15)
  4 kobold demonologists
  An efreet (D:15)
  2 wind drakes (Shoals:2)
  3 polar bears
  6 trolls
  20 merfolk
  2 meliai (Spider:2)
  A hornet (D:9)
  14 tarantellas
  4 dream sheep (Shoals:2)
  8 snapping turtles
  A raiju (shapeshifter) (D:15)
  Prince Ribbit (Lair:3)
  12 blink frogs
  16 jumping spiders
  12 slime creatures
  15 culicivoras
  7 wraiths
  A spriggan (Lair:3)
  6 wyverns
  8 water elementals
  61 yaks
  2 hogs (D:15)
  A wyvern (shapeshifter) (Vaults:1)
  Eustachio (D:5)
  2 vampires (D:12)
  4 basilisks
  6 vampire mosquitoes
  25 redbacks
  A death yak simulacrum (Lair:5)
  A warg (Orc:2)
  An acid dragon (D:13)
  9 water moccasins
  2 black bears
  14 orc warriors
  2 sky beasts
  21 ogres
  4 boggarts (D:14)
  13 wolves
  An ice beast (D:5)
  A phantom (D:6)
  2 centaurs
  3 elephant skeletons (Lair:5)
  3 kobold brigands
  9 bullfrogs
  2 earth elementals
  2 gnoll sergeants
  4 necrophages
  A cane toad simulacrum (Lair:5)
  3 scorpions
  15 jellies
  An elephant simulacrum (Lair:5)
  8 killer bees
  A nameless horror (Lair:5)
  5 howler monkeys
  An electric eel (Elf:3)
  5 orc priests
  A crimson imp (D:9)
  A gnoll bouda (Lair:1)
  5 hounds
  4 iguanas
  16 orc wizards
  8 adders
  21 gnolls
  A shadow imp (D:7)
  4 worms
  A dart slug (D:1)
  43 orcs
  8 ball pythons
  8 endoplasms
  2 giant cockroaches
  5 goblins
  7 hobgoblins
  15 kobolds
  2 quokkas
  4 bats
  3 frilled lizards
  3 rats
  3 bushes
1031 creatures vanquished.

Vanquished Creatures (others)
  Rupert (Lair:4)
  A deep elf master archer (Elf:3)
  The ghost of olddryhag the Severer, an adept DsGl of Okawaru (Spider:1)
  A frost giant (Depths:2)
  Ilsuiw (Shoals:2)
  4 vault wardens
  A deep elf sorcerer (Elf:3)
  A vampire knight (Depths:1)
  A dire elephant (Lair:5)
  An ettin (shapeshifter) (Elf:1)
  Snorg (Lair:4)
  2 merfolk impalers
  A merfolk javelineer (Shoals:4)
  2 vault guards (D:14)
  Fannar (D:11)
  Harold (D:9)
  An ironbound frostheart (Vaults:1)
  2 ogre magi (Orc:2)
  A hydra (D:13)
  A radroach (Spider:4)
  A catoblepas (D:14)
  2 two-headed ogres
  3 death yaks (Lair:2)
  3 boulder beetles
  A tengu warrior (D:15)
  2 hell knights (Vaults:2)
  4 deep elf knights
  A skeletal warrior (D:9)
  2 sea snakes
  A spectral anaconda (Lair:5)
  2 deep elf zephyrmancers
  An ironbound convoker (Vaults:3)
  3 ugly things
  3 fauns (Shoals:2)
  A wolf spider (Spider:4)
  2 cyclopes
  A manticore (Shoals:4)
  A vault sentinel (D:15)
  A rime drake (D:12)
  2 yaktaurs
  A troll (D:10)
  2 merfolk (Shoals:1)
  A jumping spider (Spider:2)
  A culicivora (Spider:2)
  3 wraiths
  3 hogs (D:15)
  7 yaks
  A fire bat (Depths:1)
  A redback (Spider:1)
  A steam dragon (D:9)
  3 vampire mosquitoes
  2 acid dragons
  2 water moccasins (D:6)
  3 orc warriors
  2 ogres (Orc:2)
  A wolf (Lair:2)
  2 centaurs
  A kobold brigand (D:7)
  A scorpion (D:6)
  A nameless horror (D:8)
  A jelly (D:6)
  4 hounds
  A gnoll bouda (D:8)
  An iguana (D:6)
  5 orc wizards
  2 gnolls (D:5)
  8 orcs
  2 kobolds (D:7)
  A bush (Lair:5)
  25 fungi
  110 plants
  46 snaplasher vines
  28 withered plants
336 creatures vanquished.

Grand Total: 2127 creatures vanquished

Notes
Turn   | Place    | Note
-------+----------+-------------------------------------------
     0 | D:1      | arthad the Felid Summoner began the quest for the Orb.
     0 | D:1      | Reached XP level 1. HP: 7/7 MP: 4/4
    98 | D:1      | Found a shadowy altar of Dithmenos.
   267 | D:1      | Reached XP level 2. HP: 8/11 MP: 1/6
   270 | D:1      | Learned a level 2 spell: Call Imp
   273 | D:1      | Learned a level 2 spell: Blink
   427 | D:1      | Found Soleush's Distillery.
   593 | D:1      | Reached skill level 1 in Translocations
   782 | D:1      | Reached XP level 3. HP: 14/14 MP: 4/7
  1423 | D:2      | Reached skill level 3 in Dodging
  1462 | D:2      | Found a faded altar of an unknown god.
  1768 | D:2      | Reached XP level 4. HP: 18/18 MP: 8/8
  1809 | D:2      | Reached skill level 1 in Hexes
  2187 | D:3      | Found a transporter.
  2207 | D:3      | Found a transporter.
  2207 | D:3      | Noticed a kobold brigand
  2230 | D:3      | Found a one-way gate to the infinite horrors of the Abyss.
  2230 | D:3      | Noticed acebull12's ghost (amateur DsNe)
  2312 | D:3      | Noticed a sky beast
  2313 | D:3      | Reached skill level 5 in Summonings
  2361 | D:3      | Killed a sky beast
  2362 | D:3      | Reached skill level 1 in Fighting
  2362 | D:3      | Reached XP level 5. HP: 21/22 MP: 5/9
  2366 | D:3      | Learned a level 3 spell: Call Canine Familiar
  3317 | D:4      | Gained mutation: You are covered in thick fur. (AC +2)
                  | [Felid growth]
  3317 | D:4      | Reached XP level 6. HP: 25/25 MP: 11/11
  3893 | D:4      | Learned a level 3 spell: Summon Guardian Golem
  3947 | D:5      | Entered Level 5 of the Dungeon
  3999 | D:5      | Reached skill level 4 in Dodging
  4261 | D:5      | Reached XP level 7. HP: 30/30 MP: 13/13
  4304 | D:5      | Noticed Eustachio
  4383 | D:5      | Killed Eustachio
  4848 | D:5      | Reached skill level 1 in Transmutations
  5150 | D:6      | Reached skill level 1 in Air Magic
  5373 | D:6      | Reached XP level 8. HP: 34/34 MP: 15/15
  5768 | D:6      | Found a staircase to the Ecumenical Temple.
  5785 | D:6      | Reached skill level 5 in Dodging
  5878 | Temple   | Entered the Ecumenical Temple
  5883 | Temple   | Became a worshipper of Gozag Ym Sagoz the Greedy
  5954 | D:6      | Found a hide-covered altar of Uskayaw.
  6208 | D:6      | Reached skill level 5 in Translocations
  6323 | D:6      | Reached skill level 5 in Spellcasting
  6323 | D:6      | Reached skill level 5 in Hexes
  6714 | D:6      | Learned a level 4 spell: Summon Lightning Spire
  6889 | D:7      | Reached XP level 9. HP: 38/38 MP: 17/17
  7086 | D:7      | Found a broken altar of Ashenzari.
  7410 | D:7      | Found Ruapt's Weapon Boutique.
  8097 | D:8      | Found Umefonk's Antique Weapon Emporium.
  8130 | D:8      | Found Saloom's Magic Scroll Emporium.
  8148 | D:8      | Found Toffuo Enty's Weapon Emporium.
  8150 | D:8      | Noticed a purple ugly thing
  8159 | D:8      | HP: 1/39 [themself (27)]
  8163 | D:8      | Killed a purple ugly thing
  8164 | D:8      | Reached skill level 6 in Dodging
  8347 | D:8      | Found an ornate altar of the Wu Jian Council.
  8349 | D:8      | Found a shadowy altar of Dithmenos.
  8350 | D:8      | Found a white marble altar of Elyvilon.
  8354 | D:8      | Found a sparkling altar of Nemelex Xobeh.
  8359 | D:8      | Found an ancient bone altar of Kikubaaqudgha.
  8362 | D:8      | Found a glowing golden altar of the Shining One.
  8363 | D:8      | Found a shimmering altar of Xom.
  8365 | D:8      | Found a stormy altar of Qazlal.
  8369 | D:8      | Found a basalt altar of Yredelemnul.
  8370 | D:8      | Found a bloodstained altar of Trog.
  8402 | D:8      | Noticed a two-headed ogre
  8551 | D:8      | Killed a two-headed ogre
  8744 | D:8      | Reached XP level 10. HP: 43/43 MP: 20/20
  8752 | D:8      | Reached skill level 7 in Dodging
  8800 | D:8      | Learned a level 4 spell: Manifold Assault
  9240 | D:9      | Noticed Harold
  9251 | D:9      | Killed Harold
  9252 | D:9      | Reached skill level 1 in Unarmed Combat
  9252 | D:9      | Reached skill level 1 in Ice Magic
  9252 | D:9      | Reached skill level 1 in Evocations
  9657 | D:9      | Reached skill level 5 in Fighting
  9689 | D:9      | Reached skill level 5 in Transmutations
  9877 | D:9      | Reached XP level 11. HP: 37/48 MP: 22/22
  9882 | D:9      | Learned a level 4 spell: Ice Form
  9919 | D:9      | Found a burning altar of Makhleb.
  9920 | D:9      | Found a radiant altar of Vehumet.
 10072 | D:9      | Identified the +7 glaive of Moakhlena {heavy, rN+ Int+6}
 10168 | D:9      | Noticed a deep elf zephyrmancer
 10186 | D:9      | Killed a deep elf zephyrmancer
 10224 | D:9      | Noticed a skeletal warrior
 10232 | D:9      | Killed a skeletal warrior
 10504 | D:9      | Found a staircase to the Lair.
 10578 | D:10     | Entered Level 10 of the Dungeon
 10596 | D:10     | Reached skill level 8 in Dodging
 10748 | D:10     | Found a staircase to the Orcish Mines.
 11824 | D:11     | Noticed Fannar
 12085 | D:11     | Killed Fannar
 12086 | D:11     | Noticed a two-headed ogre
 12090 | D:11     | Killed a two-headed ogre
 12091 | D:11     | Reached skill level 10 in Summonings
 12352 | D:11     | Noticed a soul eater
 12356 | D:11     | Mangled by a soul eater
 12357 | D:11     | Reached XP level 10. HP: -6/45 MP: 5/32
 12556 | D:11     | Reached skill level 5 in Air Magic
 12556 | D:11     | Reached XP level 11. HP: 48/48 MP: 21/24
 12650 | D:11     | Noticed Josephine
 12661 | D:11     | Killed Josephine
 13619 | D:12     | Found a runed translucent door.
 13620 | D:12     | Noticed superbruh's ghost (journeyman GrMo)
 13686 | D:12     | Noticed a boulder beetle
 13717 | D:12     | Killed a boulder beetle
 13874 | D:12     | Found a frozen archway.
 14156 | D:12     | Found Goneolusk's Book Shoppe.
 14163 | D:12     | Noticed a white ugly thing
 14179 | D:12     | Killed a white ugly thing
 14316 | D:12     | Bought a book of the Wilderness for 494 gold pieces
 14448 | D:12     | Noticed a brown ugly thing
 14460 | D:12     | Killed a brown ugly thing
 14461 | D:12     | Reached skill level 9 in Dodging
 14651 | D:12     | Noticed a centaur warrior
 14680 | D:13     | Noticed an eight-headed hydra
 14686 | D:13     | Killed an eight-headed hydra
 14819 | D:13     | Found a portal to a secret trove of treasure.
 14889 | D:13     | Noticed a purple ugly thing
 14901 | D:13     | Killed a purple ugly thing
 15091 | D:13     | Noticed a centaur warrior
 15102 | D:13     | Killed a centaur warrior
 15248 | D:13     | Noticed Maurice
 15295 | D:13     | Killed Maurice
 15296 | D:13     | Gained mutation: Your thick and shaggy fur keeps you warm.
                  | (AC +3, rC+) [Felid growth]
 15296 | D:13     | Reached XP level 12. HP: 43/53 MP: 1/25
 15788 | D:14     | Noticed a vault guard
 15788 | D:14     | Noticed a vault guard
 16172 | D:14     | Learned a level 5 spell: Summon Forest
 16247 | D:14     | Noticed a vault guard
 16250 | D:14     | Noticed a vault guard
 16282 | D:14     | Killed a vault guard
 16292 | D:14     | Killed a vault guard
 16475 | D:14     | Noticed a vault guard
 16487 | D:14     | Killed a vault guard
 16668 | D:14     | Noticed a boulder beetle
 16705 | D:14     | Killed a boulder beetle
 16799 | D:14     | Noticed a catoblepas
 16814 | D:14     | Killed a catoblepas
 16938 | D:14     | Noticed a tengu warrior
 16949 | D:14     | Killed a tengu warrior
 16958 | D:14     | Noticed a boulder beetle
 16987 | D:14     | Killed a boulder beetle
 17232 | D:14     | Found a gate to the Vaults.
 17276 | D:14     | Found a broken altar of Ashenzari.
 17340 | D:14     | Noticed a vault guard
 17347 | D:14     | Killed a vault guard
 17462 | D:14     | Killed a vault guard
 17555 | D:14     | Killed a vault guard
 17657 | D:14     | Noticed a vault guard
 17675 | D:14     | Killed a vault guard
 17773 | D:14     | Noticed a vault guard
 17780 | D:14     | Noticed a boulder beetle
 17787 | D:14     | Killed a vault guard
 17919 | D:14     | Killed a boulder beetle
 17920 | D:14     | Reached XP level 13. HP: 56/57 MP: 18/27
 18153 | D:15     | Entered Level 15 of the Dungeon
 18153 | D:15     | Noticed Kirke
 18213 | D:15     | Reached skill level 5 in Unarmed Combat
 18219 | D:15     | Reached skill level 10 in Dodging
 18249 | D:15     | Killed Kirke
 18905 | D:15     | Found the +18 shield of the Gong {rElec rN+ Will+ EV-5}
 19039 | D:15     | Noticed a stone giant
 19049 | D:15     | Shot with an arrow by a tengu warrior
 19050 | D:15     | Reached XP level 12. HP: -1/54 MP: 22/35
 19352 | D:15     | Killed a stone giant
 19366 | D:15     | Found a staircase to the Depths.
 19526 | Lair:1   | Entered Level 1 of the Lair of Beasts
 19706 | Lair:1   | Reached skill level 10 in Spellcasting
 19706 | Lair:1   | Reached skill level 5 in Ice Magic
 19968 | Lair:1   | Reached XP level 13. HP: 57/57 MP: 11/28
 20440 | Lair:2   | Found a hole to the Spider Nest.
 20464 | Lair:2   | Mangled by a jumping spider
 20465 | Lair:2   | Reached XP level 12. HP: -7/55 MP: 25/36
 20469 | Lair:2   | Bought the ring "Tukhlumm" {rElec rF+ rN+ Int+6 Slay+5} for
                  | 1233 gold pieces
 20469 | Lair:2   | Bought the ring of the Mage {Wiz Archmagi} for 765 gold
                  | pieces
 20469 | Lair:2   | Found the ring of the Mage {Wiz Archmagi}
 20610 | Lair:2   | Found a staircase to the Shoals.
 20720 | Lair:2   | Noticed a death yak
 20720 | Lair:2   | Noticed a death yak
 20721 | Lair:2   | Noticed a death yak
 20721 | Lair:2   | Noticed a death yak
 20732 | Lair:2   | Noticed a death yak
 20733 | Lair:2   | Killed a death yak
 20742 | Lair:2   | Killed a death yak
 20745 | Lair:2   | Reached skill level 10 in Translocations
 20751 | Lair:2   | Killed a death yak
 20755 | Lair:2   | Killed a death yak
 20756 | Lair:2   | Killed a death yak
 20833 | Lair:2   | Reached skill level 10 in Transmutations
 21192 | Lair:2   | Identified the +0 leather armour "Loniogg" {rElec Regen+
                  | Stlth-}
 21635 | Lair:3   | Noticed Prince Ribbit
 21640 | Lair:3   | Killed Prince Ribbit
 21909 | Lair:3   | Reached skill level 11 in Dodging
 21984 | Lair:3   | Reached XP level 13. HP: 58/58 MP: 19/28
 22524 | Lair:4   | Learned a level 6 spell: Summon Cactus Giant
 22797 | Lair:4   | Noticed Snorg
 22810 | Lair:4   | Killed Snorg
 22960 | Lair:4   | Noticed Rupert
 23004 | Lair:4   | Killed Rupert
 23560 | Lair:5   | Entered Level 5 of the Lair of Beasts
 23852 | Lair:5   | Found a staircase to the Slime Pits.
 24481 | Lair:5   | Noticed a dire elephant
 24482 | Lair:5   | Noticed a dire elephant
 24491 | Lair:5   | Noticed a dire elephant
 24508 | Lair:5   | Killed a dire elephant
 24645 | Lair:5   | Noticed a dire elephant
 24737 | Lair:5   | Identified the amulet of the Tempest {Fragile rN++ Regen+
                  | Str+2 Dex+2}
 24775 | Lair:5   | Killed a dire elephant
 24776 | Lair:5   | Reached XP level 14. HP: 63/63 MP: 15/30
 24858 | Lair:5   | Identified the +7 dagger of the Howling Gods {heavy,
                  | Fragile rElec rPois}
 25575 | Lair:5   | Bought a book of Maledictions for 338 gold pieces
 25736 | Orc:1    | Entered Level 1 of the Orcish Mines
 25802 | Orc:1    | Noticed Erica
 25810 | Orc:1    | Killed Erica
 25811 | Orc:1    | Reached skill level 12 in Dodging
 25848 | Orc:1    | Noticed Jorgrun
 25862 | Orc:1    | Killed Jorgrun
 26069 | Orc:2    | Entered Level 2 of the Orcish Mines
 26109 | Orc:2    | Noticed Urug
 26126 | Orc:2    | Killed Urug
 26175 | Orc:2    | Found a staircase to the Elven Halls.
 26375 | Orc:2    | Found Ducoamo's Distillery.
 26385 | Orc:2    | Bought 2 potions of resistance for 220 gold pieces
 26385 | Orc:2    | Bought a potion of heal wounds for 55 gold pieces
 26385 | Orc:2    | Bought a potion of ambrosia for 88 gold pieces
 26553 | Orc:2    | Found Raupp's General Store.
 26553 | Orc:2    | Found Xaiptik's Antique Armour Boutique.
 26553 | Orc:2    | Found Pirchiur's Antique Weapon Boutique.
 26553 | Orc:2    | Found Toushoto's Distillery.
 26559 | Orc:2    | Bought a potion of curing for 51 gold pieces
 26561 | Orc:2    | Bought a potion of heal wounds for 75 gold pieces
 26561 | Orc:2    | Bought 2 potions of resistance for 300 gold pieces
 26916 | Orc:1    | You fall into a shaft and drop 1 floor!
 27577 | Shoals:1 | Entered Level 1 of the Shoals
 27583 | Shoals:1 | Bought a scroll of amnesia for 56 gold pieces
 28086 | Shoals:1 | Found Poanytun's Antique Armour Emporium.
 28136 | Shoals:1 | Reached XP level 15. HP: 55/68 MP: 11/32
 28144 | Shoals:1 | Learned a level 7 spell: Storm Form
 28149 | Shoals:1 | Learned a level 4 spell: Anguish
 28405 | Shoals:2 | Noticed Ilsuiw
 28405 | Shoals:2 | Found a glowing golden altar of the Shining One.
 29600 | Shoals:2 | Reached skill level 10 in Air Magic
 29602 | Shoals:2 | Reached skill level 13 in Dodging
 29784 | Shoals:2 | Killed Ilsuiw
 29786 | Shoals:2 | Shot with a sling bullet by a faun
 29787 | Shoals:2 | Reached XP level 14. HP: -4/65 MP: 10/31
 30205 | Shoals:2 | Upgraded the game from 0.30-a0-605-gb2882149bf to
                  | 0.30-a0-613-gdd512c7efb
 30403 | Shoals:3 | Reached skill level 10 in Fighting
 30587 | Shoals:3 | Identified the +2 leather armour of Supple Strength {rCorr}
 30902 | Shoals:3 | Reached XP level 15. HP: 69/69 MP: 11/33
 31398 | Shoals:4 | Entered Level 4 of the Shoals
 31903 | Shoals:4 | Noticed a sphinx
 31908 | Shoals:4 | Killed a sphinx
 32547 | Shoals:4 | Identified the +7 spear "Concordance" {venom, Drain rF+++
                  | rN+ Int+7}
 32547 | Shoals:4 | Identified the ring "Sibal" {Ice Fly rElec Str-3 Int+6}
 32697 | Shoals:4 | Got a barnacled rune of Zot
 32878 | Shoals:4 | Noticed a sphinx
 32885 | Shoals:4 | Killed a sphinx
 32897 | Shoals:4 | Noticed a sphinx
 32900 | Shoals:4 | Killed a sphinx
 33082 | Spider:1 | Entered Level 1 of the Spider Nest
 33159 | Spider:1 | Reached XP level 16. HP: 69/73 MP: 30/34
 33264 | Spider:1 | Found a runed translucent door.
 33267 | Spider:1 | Found a shimmering altar of Xom.
 33267 | Spider:1 | Noticed olddryhag's ghost (adept DsGl)
 33298 | Spider:1 | Reached skill level 14 in Dodging
 33822 | Spider:1 | Reached skill level 10 in Unarmed Combat
 34164 | Spider:1 | Noticed Louise
 34180 | Spider:1 | Killed Louise
 34515 | Spider:1 | Slain by olddryhag's ghost
 34516 | Spider:1 | Reached XP level 15. HP: -2/70 MP: 13/33
 34557 | Spider:1 | Killed olddryhag's ghost
 34628 | Spider:1 | Bought a book of Beasts for 532 gold pieces
 35204 | Spider:2 | Noticed an emperor scorpion
 35214 | Spider:2 | Killed an emperor scorpion
 36329 | Spider:3 | Noticed Arachne
 36334 | Spider:3 | Killed Arachne
 36335 | Spider:3 | Reached XP level 16. HP: 75/75 MP: 4/35
 36835 | Spider:4 | Entered Level 4 of the Spider Nest
 37950 | Spider:4 | Got a gossamer rune of Zot
 38439 | Elf:1    | Entered Level 1 of the Elven Halls
 38512 | Elf:1    | Found Xuxipud's Assorted Antiques.
 38663 | Elf:1    | Noticed Asterion
 38675 | Elf:1    | Killed Asterion
 39779 | Elf:2    | Reached XP level 17. HP: 78/78 MP: 13/36
 39789 | Elf:2    | Reached skill level 15 in Dodging
 40614 | Elf:2    | Found a runed translucent gate.
 40614 | Elf:2    | Found a runed translucent gate.
 40614 | Elf:2    | Found a runed translucent gate.
 41396 | Elf:3    | Entered Level 3 of the Elven Halls
 41412 | Elf:3    | Noticed Aizul
 41415 | Elf:3    | Reached skill level 15 in Spellcasting
 41418 | Elf:3    | Killed Aizul
 41441 | Elf:3    | Found a shimmering blue altar of Sif Muna.
 41527 | Elf:3    | Found Hyiddexodd's Book Boutique.
 41532 | Elf:3    | Bought a book of Changes for 324 gold pieces
 41740 | Elf:3    | Found Gutuu's Armour Emporium.
 41821 | Elf:3    | Found Geogh's Armour Emporium.
 41879 | Elf:3    | Noticed Roxanne
 41932 | Elf:3    | Killed Roxanne
 42112 | Elf:3    | Identified the +3 great mace "Ohaqukass" {freeze, Fly rF+++
                  | Int-4 SInv}
 42124 | Elf:3    | Noticed a deep elf blademaster
 42132 | Elf:3    | Killed a deep elf blademaster
 42133 | Elf:3    | Noticed a deep elf master archer
 42140 | Elf:3    | Killed a deep elf master archer
 42143 | Elf:3    | Noticed a deep elf blademaster
 42146 | Elf:3    | Noticed a deep elf master archer
 42742 | Elf:3    | Found Giwk's Armour Shop.
 42927 | Elf:3    | Reached XP level 18. HP: 84/84 MP: 1/38
 43125 | Elf:3    | Identified the +6 dagger of the Nexus {freeze, +Blink rF+}
 43220 | Elf:3    | Identified the +5 long sword "Bocah" {flame, rElec rPois
                  | Dex+5 Stlth+}
 43220 | Elf:3    | Identified the +1 leather armour of Honour {rC+ Str+3}
 43220 | Elf:3    | Identified the ring of Ascent {Fire rN++ Will- Int+4}
 43241 | Elf:3    | Identified the +7 plate armour of Grace {Str+10}
 43288 | Elf:3    | Identified the +5 scale mail of Futuristic Awe {*Corrode
                  | rC- Str+9 Int+10}
 43376 | Elf:3    | Identified the +1 helmet of Hubris {rPois rF++ Str-2
                  | Stlth+}
 43383 | Elf:3    | Identified the +1 ring mail "Raxeic" {Str+2 Int+4 Dex-5}
 43388 | Elf:3    | Got Weonluluel's Disquisition on the Squall
 43429 | Elf:3    | Found the +6 lightning scales {swift, rElec}
 43437 | Elf:3    | Got the Teachings on Exhumation
 43820 | Elf:3    | Found Guyx's Magic Scroll Shoppe.
 43924 | Elf:3    | Learned a level 7 spell: Monstrous Menagerie
 44137 | Vaults:1 | Entered Level 1 of the Vaults
 44968 | Vaults:1 | Found Calotus's Antique Armour Shoppe.
 44975 | Vaults:1 | Noticed Nikola
 44988 | Vaults:1 | Killed Nikola
 44989 | Vaults:1 | Reached skill level 15 in Translocations
 45123 | Vaults:1 | Reached skill level 16 in Dodging
 45601 | Vaults:1 | Found Cuurro's Assorted Antiques.
 45601 | Vaults:1 | Found Bamet's Antique Weapon Shoppe.
 45622 | Vaults:1 | Found Geczadeb's Antique Weapon Shoppe.
 45672 | Vaults:1 | Reached skill level 15 in Transmutations
 46831 | Vaults:2 | Found a staircase to the Crypt.
 46941 | Vaults:2 | Reached XP level 19. HP: 60/88 MP: 15/39
 47271 | Vaults:2 | Found Ywonuo's Antique Weapon Emporium.
 47897 | Vaults:2 | Reached skill level 15 in Summonings
 47959 | Vaults:2 | Reached skill level 17 in Dodging
 49850 | Vaults:3 | Reached XP level 20. HP: 50/94 MP: 18/40
 50650 | Vaults:4 | Reached skill level 18 in Dodging
 51156 | Vaults:4 | Found Oduap's Distillery.
 51166 | Vaults:4 | Bought a potion of heal wounds for 80 gold pieces
 51166 | Vaults:4 | Bought a potion of curing for 48 gold pieces
 51166 | Vaults:4 | Bought 2 potions of curing for 96 gold pieces
 51189 | Vaults:4 | Found Yzedasoo's Antique Armour Shoppe.
 51239 | Vaults:4 | Reached skill level 15 in Air Magic
 51481 | Vaults:4 | Bought a potion of heal wounds for 70 gold pieces
 51481 | Vaults:4 | Bought a potion of curing for 42 gold pieces
 51481 | Vaults:4 | Bought a potion of curing for 42 gold pieces
 51481 | Vaults:4 | Bought a potion of heal wounds for 70 gold pieces
 52478 | Vaults:4 | Got the Disquisition on Leadership
 52486 | Vaults:4 | Learned a level 2 spell: Wereblood
 52956 | Depths:1 | Entered Level 1 of the Depths
 53380 | Depths:1 | Found a basalt altar of Yredelemnul.
 53430 | Depths:1 | Found a large runed translucent door.
 53430 | Depths:1 | Found a large runed translucent door.
 53450 | Depths:1 | Found a gateway to Hell.
 53453 | Depths:1 | Noticed Xutext's ghost (adept DsAK)
 53456 | Depths:1 | Reached skill level 19 in Dodging
 53806 | Depths:1 | Reached skill level 5 in Evocations
 54407 | Depths:1 | Reached XP level 21. HP: 100/100 MP: 29/41
 54725 | Depths:1 | Killed Xutext's ghost
 54984 | Depths:2 | Found Coong's Magic Scroll Shoppe.
 54995 | Depths:2 | Found a one-way gate leading to the halls of Pandemonium.
 55179 | Depths:2 | Reached skill level 15 in Fighting
 55946 | Depths:2 | You fall into a shaft and drop 2 floors!
 55946 | Depths:4 | Entered Level 4 of the Depths
 56194 | Depths:3 | Found a sacrificial altar of Ru.
 56403 | Depths:3 | Noticed a golden dragon
 56411 | Depths:3 | Killed a golden dragon
 56573 | Depths:3 | Reached skill level 20 in Dodging
 57686 | Depths:3 | Upgraded the game from 0.30-a0-613-gdd512c7efb to
                  | 0.30-a0-618-gd6c86c23d0
 58426 | D:13     | You paid a toll of 4 potions of resistance to enter a
                  | treasure trove
 58427 | Trove    | Entered a treasure trove
 58445 | Trove    | Identified the ring "Podafol" {rElec Str+6}
 58447 | Trove    | Identified the amulet "Xiprix" {Acrobat rElec rF- rN++
                  | Slay+2}
 58448 | Trove    | Identified the ring "Caofeunn" {rF+ Will+++ Str+4 Dex-5
                  | Slay-3}
 58479 | Trove    | Got Sif Muna's Volume of Battle Magic and the Undead
 58481 | Trove    | Got the Codex of the Frosty Summer
 58485 | Trove    | Got Sif Muna's Teachings on Mutable Striking
 58493 | Trove    | Reached XP level 22. HP: 106/106 MP: 42/42
 58608 | D:12     | Identified the amulet "Vanlat Fuics" {Acrobat rElec}
 58779 | Elf:3    | Bought a Grand Grimoire for 612 gold pieces
 58779 | Elf:3    | Bought Hyoploti's Tome of Unified Reformation for 756 gold
                  | pieces
 59110 | Depths:4 | Reached XP level 23. HP: 101/110 MP: 7/43
 59110 | Depths:4 | Found a gate to the Realm of Zot.
 59116 | Depths:4 | Mangled by a white very ugly thing
 59117 | Depths:4 | Reached XP level 22. HP: -7/106 MP: 11/42
 59533 | Depths:4 | Found a one-way gateway to a ziggurat.
 60328 | Vaults:5 | Entered Level 5 of the Vaults
 60338 | Vaults:5 | Noticed Mennas
 60584 | Vaults:4 | Killed Mennas
 60820 | Vaults:5 | Noticed Saint Roka
 60834 | Vaults:5 | Killed Saint Roka
 60835 | Vaults:5 | Reached skill level 21 in Dodging
 61318 | Vaults:5 | Got Aqus's Teachings on the Incandescent Shot
 61320 | Vaults:5 | Got a silver rune of Zot
 61756 | Vaults:5 | Noticed a golden dragon
 61761 | Vaults:5 | Noticed a golden dragon
 61767 | Vaults:5 | Killed a golden dragon
 61768 | Vaults:5 | Killed a golden dragon
 62118 | Vaults:5 | Found Jesymaov's Antique Weapon Shoppe.
 62118 | Vaults:5 | Noticed an ancient lich
 62127 | Vaults:5 | Mangled by a titan
 62128 | Vaults:5 | Reached XP level 21. HP: -12/104 MP: 42/42
 62210 | Vaults:5 | Killed an ancient lich
 62211 | Vaults:5 | Reached skill level 15 in Unarmed Combat
 62449 | Vaults:5 | Identified the +9 chain mail of the Fiddle {rF- Regen+
                  | rCorr Int+4}
 62517 | Vaults:5 | Identified the +0 robe of Daisies {*Slow Dex+6}
 62637 | Vaults:5 | Reached XP level 22. HP: 95/108 MP: 43/43
 62642 | Vaults:5 | Found the +9 sword of Power
 62670 | Vaults:5 | Identified the +4 mace "Togaynan" {antimagic, rF- Will+
                  | Dex+3 Stlth+}
 63250 | Crypt:1  | Entered Level 1 of the Crypt
 63864 | Crypt:1  | Noticed Zenata
 63875 | Crypt:1  | Killed Zenata
 64121 | Crypt:1  | Noticed Grunn
 64132 | Crypt:1  | Killed Grunn
 64144 | Crypt:1  | Slain by a reaper

Illustrated notes

Levels and vault maps discovered:
D:1:      sevenhm_arrival_forest_fort_small_6, layout_basic, serial_shops,
          nicolae_shop_crystal, chequers_serial_rivers_small_b,
          chequers_serial_rivers_small_b, minmay_misc_feat_ornament,
          minmay_pentomino_z2
D:2:      layout_loops_ring, hellmonk_ecumenical_altar_arch_garden, minivault_19
D:3:      layout_loops_ring, gammafunk_ghost_abyssal_escape
D:4:      layout_basic, grunt_decor_one_mirror, minmay_fractal_squares_gapless_5
D:5:      layout_basic, uniq_eustachio
D:6:      layout_loops_corners, mainiacjoe_overflow_catwalk,
          minmay_temple_entry_gardened_gates, hangedman_abyss_or_decor_stabs,
          minmay_pentangle
D:7:      layout_loops_ring, mainiacjoe_overflow_chevrons, serial_shops,
          nicolae_shop_bloodbath_and_beyond
D:8:      layout_loops_ring, nicolae_overflow_hallway_of_the_gods, serial_shops,
          shop, shop_scrolls, nicolae_diamond_shop, nrook_mini_backslash,
          minivault_1
D:9:      layout_cave_pools, grunt_temple_overflow_lords_of_destruction,
          erik_lair_island, minmay_three_doors, uniq_harold
D:10:     layout_irregular_city, orc_0_dummy, hangedman_abyss_or_decor_slice
D:11:     layout_basic, uniq_fannar, uniq_josephine
D:12:     layout_gridville, portal_ice_cave_rime, ebering_ghost_inner_flame,
          serial_shops, nicolae_shop_stone, minmay_misc_feat_iff,
          dk_noncrumbling_3
D:13:     layout_long_grid, enter_trove_2, uniq_maurice
D:14:     layout_roguey, erik_vaults_2, evilmike_ruin_ashenzari
D:15:     grunt_enter_depths_snipers, layout_cave_pools,
          hellmonk_guarded_unrand_gong, uniq_kirke
Temple:   nicolae_temple_bog_church
Lair:1:   layout_big_grid, dreamdust_gnoll_shepherd
Lair:2:   layout_roguey, shoals_dummy_entry, nicolae_spider_entry_tight_spaces,
          lemuel_fruit_fields, serial_bayou_shore_b, grunt_megastairs_1,
          serial_bayou_shore_b
Lair:3:   layout_cave_shapes, forest_entry_grove, uniq_prince_ribbit2
Lair:4:   layout_cave_pods, grunt_megastairs_3, uniq_rupert, uniq_snorg
Lair:5:   due_jungle_book, layout_regular_city, minmay_slime_entry_jelly_boxes,
          grunt_megastairs_2
Shoals:1: layout_shoals, serial_shops, nicolae_shop_window_shopping
Shoals:2: layout_shoals, nicolae_shoals_cliffside_cave, lemuel_oklob_altar,
          uniq_ilsuiw
Shoals:3: layout_shoals
Shoals:4: shoals_end_hellmonk_lost_city, serial_shops
Spider:1: layout_spider_delve, ebering_ghost_xom,
          hangedman_spider_tarantella_strand, uniq_louise
Spider:2: layout_spider_delve
Spider:3: layout_spider_delve, uniq_arachne
Spider:4: grunt_spider_rune_parallel
Orc:1:    layout_caves, mines2_lemuel, uniq_erica, uniq_jorgrun
Orc:2:    st_orc_ogre_mass, layout_caves, serial_shops, shop_statue, uniq_urug
Elf:1:    nicolae_elf_arrival_fired_up, layout_gridlike, serial_shops,
          nicolae_shop_trees, evilmike_minifort, uniq_asterion
Elf:2:    nicolae_elf_blades_splatter_lattice [nooodl_blade_entry_preview],
          layout_geoelf_grid, serial_sigils_hangedman_gnaw
Elf:3:    minmay_elf_hall_furrowed, layout_geoelf_castle, serial_shops, shop,
          nicolae_shop_window_shopping, nicolae_shop_hallway_plus, shop,
          nicolae_shop_statue_plus, basic_altar, item_on_display_a,
          uniq_roxanne, uniq_aizul
Vaults:1: hangedman_vaults_hard_town_square, nicolae_vaults_mini_display_case,
          v_alt_pattern_5, hangedman_vaults_cutoff, hangedman_vaults_hat,
          nicolae_vaults_little_ls, layout_vaults_omnigrid, serial_shops, shop,
          uniq_nikola
Vaults:2: nicolae_vaults_good_morning_starshine, nicolae_vaults_arrows,
          minmay_crypt_entry_simple_walls, vaults_room_pools, vaults_room_boxed,
          vaults_mumra_minichess_inversion, vaults_dpeg_cross,
          ontoclasm_vaults_gateway, hangedman_vaults_trim,
          layout_vaults_omnibox, serial_shops, shop_statue
Vaults:3: special_room_vaults [special_room_orc], hangedman_vaults_pinch,
          hangedman_vaults_stitches, v_misc_4, vaults_mumra_lcd,
          nicolae_vaults_diagonal_hallway_8, v_misc_8, grunt_vaults_diagonal,
          ontoclasm_vaults_claustrophobia, vaults_room_pools,
          nicolae_vaults_specimen_jars, ontoclasm_vaults_eye,
          vaults_mumra_hexcomb, nicolae_vaults_yaktaur_gun_rack,
          layout_vaults_ring
Vaults:4: nicolae_vaults_what_the_h, v_rooms_2, v_misc_26, v_alt_pattern_4,
          hangedman_vaults_stream, v_pattern_5,
          vaults_room_grunt_arrival_ludios, nicolae_vaults_asterisk,
          vaults_room_hallway, nicolae_vaults_little_squares_6, v_misc_23,
          ontoclasm_vaults_loading_screen, layout_vaults_omnicross,
          serial_shops, shop, nicolae_shop_hallway_stairs
Vaults:5: uniq_xtahua, uniq_saint_roka, uniq_mennas
Crypt:1:  layout_gridlike, uniq_grunn, uniq_zenata
Depths:1: layout_basic, hellmouth_3, minmay_misc_feat_nine_boxes,
          ebering_ghost_disaster_area, mu_enter_wizlab_6,
          yredelemnul_altar_generic
Depths:2: minmay_quantized_circle, layout_gridlike, pan_entry, serial_shops,
          shop, kennysheep_another_room, abyss_entry, grunt_hell_horde,
          nrook_mini_vaults
Depths:3: lemuel_troll_bridge, layout_gridlike, hell_entry, pan_entry,
          abyss_entry, nicolae_ru_path_of_blood
Depths:4: evilmike_zot_entry_diamond, layout_basic, enter_ziggurat_d,
          pf_coc_iceberg, grunt_decor_mini_mirrors, serial_bayou_shore_b,
          uniq_josephina

Skill      XL: |  1  2  3  4  5  6  7  8  9 10 11 12 13 14 15 16 17 18 19 20 21 22 23 |
---------------+----------------------------------------------------------------------+-----
Translocations | 1 2 3 4 5 6 8 10 9 12 14 15 16 17 | 17.2
Dodging        | 3 4 5 6 7 9 11 10 12 13 14 15 16 17 19 20 21 | 21.0
Hexes          | 1 2 3 4 5 |  5.0
Summonings     | 5 6 7 8 9 10 11 12 13 14 15 16 17 | 17.9
Fighting       | 1 2 3 4 5 6 8 10 11 12 13 14 16 17 | 17.4
Spellcasting   | 3 4 5 6 7 8 10 11 13 14 15 16 | 16.3
Transmutations | 1 2 4 5 7 10 9 12 13 14 15 16 | 16.0
Air Magic      | 1 2 3 5 6 8 9 11 12 13 14 15 16 | 16.0
Unarmed Combat | 2 4 6 5 7 9 11 12 13 15 | 15.4
Ice Magic      | 2 3 5 |  5.0
Evocations     | 2 4 5 6 8 7 |  8.0
Stealth        | |  2.8

Action                   |  1- 3 |  4- 6 |  7- 9 | 10-12 | 13-15 | 16-18 | 19-21 | 22-24 || total
-------------------------+-------+-------+-------+-------+-------+-------+-------+-------++-------
Melee: Unarmed           |    13 |     3 |    10 |    55 |   340 |   544 |   643 |   354 ||  1962
       Bite              |     3 |       |     2 |     4 |     1 |       |     1 |     3 ||    14
       Punch             |       |       |     1 |       |    11 |    31 |    72 |    40 ||   155
 Cast: Summon Small Mamm |    57 |    41 |    18 |     8 |       |       |       |       ||   124
       Call Imp          |    15 |    21 |    20 |    30 |    17 |       |       |       ||   103
       Blink             |       |     3 |    10 |    19 |    13 |     1 |     8 |     7 ||    61
       Call Canine Famil |       |    19 |    40 |    92 |    99 |    59 |    17 |       ||   326
       Summon Guardian G |       |     3 |    39 |   108 |   110 |    57 |    17 |       ||   334
       Summon Lightning  |       |       |     9 |   132 |   151 |    50 |     9 |       ||   351
       Manifold Assault  |       |       |       |    24 |   136 |   133 |    95 |    47 ||   435
       Ice Form          |       |       |       |     2 |     1 |       |       |       ||     3
       Summon Forest     |       |       |       |    29 |    66 |    29 |    18 |     6 ||   148
       Summon Cactus Gia |       |       |       |       |   121 |   109 |    96 |    20 ||   346
       Storm Form        |       |       |       |       |    45 |    80 |    69 |    23 ||   217
       Anguish           |       |       |       |       |     5 |     6 |     6 |     2 ||    19
       Monstrous Menager |       |       |       |       |       |    51 |   129 |    25 ||   205
       Wereblood         |       |       |       |       |       |       |    16 |    14 ||    30
Invok: Call Merchant     |       |       |       |     1 |     3 |     1 |     3 |       ||     8
       Potion Petition   |       |       |       |       |     1 |       |       |       ||     1
 Abil: Blinkbolt         |       |       |       |       |     9 |    46 |    54 |    34 ||   143
Evoke: Wand              |       |       |     3 |    16 |     5 |     5 |     4 |     2 ||    35
       Lightning rod     |       |       |       |     3 |       |       |     1 |       ||     4
       Box of beasts     |       |       |       |       |     2 |       |       |     1 ||     3
       Condenser vane    |       |       |       |       |       |     1 |     3 |       ||     4
       Phial of floods   |       |       |       |       |       |       |     1 |     1 ||     2
       Phantom mirror    |       |       |       |       |       |       |     1 |     1 ||     2
  Use: Potion            |       |     1 |     3 |     5 |    11 |     3 |     6 |    11 ||    40
       Scroll            |       |     1 |     1 |    19 |     9 |     1 |     2 |       ||    33
 Stab: Distracted        |       |       |       |     2 |     1 |    10 |    17 |     9 ||    39
       Paralysed         |       |       |       |       |       |       |     3 |       ||     3
       Sleeping          |       |       |       |       |       |       |     2 |       ||     2
       Confused          |       |       |       |       |       |       |       |     1 ||     1
Armor: Skin              |     2 |     1 |     1 |     4 |    29 |    68 |    65 |    44 ||   214
Dodge: Dodged            |    32 |    15 |    73 |   115 |   489 |   533 |   713 |   464 ||  2434

Table legend: (Time is in decaauts)
 A = Elapsed time spent in this place.
 B = Non-inter-level travel time spent in this place.
 C = Inter-level travel time spent in this place.
 D = Time resting spent in this place.
 E = Time spent auto-exploring this place.
 F = Levels seen in this place.
 G = Mean time per level.
                   A        B        C        D        E       F      G
               +--------+--------+--------+--------+--------+-----+--------+
         Total |  58875 |  55361 |   3514 |   1776 |  41856 |  45 | 1308.3 |
       Dungeon |  18217 |  17185 |   1032 |    419 |  13153 |  15 | 1214.5 |
        Temple |      9 |      4 |      5 |      0 |      0 |   1 |    9.0 |
          Lair |   5578 |   5173 |    405 |    184 |   3828 |   5 | 1115.6 |
        Shoals |   5292 |   5154 |    138 |    367 |   3488 |   4 | 1323.0 |
   Spider Nest |   4864 |   4644 |    220 |     28 |   3664 |   4 | 1216.0 |
  Orcish Mines |   1659 |   1424 |    235 |     55 |   1095 |   2 |  829.5 |
   Elven Halls |   5360 |   4895 |    465 |    154 |   3746 |   3 | 1786.7 |
        Vaults |  10757 |  10213 |    544 |     12 |   8237 |   5 | 2151.4 |
         Crypt |    858 |    858 |      0 |      0 |    638 |   1 |  858.0 |
        Depths |   6151 |   5685 |    466 |    557 |   3971 |   4 | 1537.8 |
         Trove |    126 |    126 |      0 |      0 |     32 |   1 |  126.0 |
               +--------+--------+--------+--------+--------+-----+--------+

Top non-repeatable levels by time:
Vaults:4: 2622 daAuts
Vaults:2: 2426 daAuts
    D:14: 2334 daAuts
Vaults:1: 2210 daAuts
   Elf:3: 1934 daAuts
Depths:1: 1829 daAuts
Vaults:5: 1818 daAuts
   Elf:2: 1797 daAuts
Vaults:3: 1680 daAuts
Depths:3: 1675 daAuts
Shoals:2: 1629 daAuts
   Elf:1: 1628 daAuts
  Lair:5: 1625 daAuts
Spider:1: 1523 daAuts
  Lair:4: 1478 daAuts
